TOP OF THE 1ST |
Oklahoma State University Cowboys batting - Pitching for University of Michigan Wolverines : LHP Randy Monaco
|
Pitching: LHP Randy Monaco
|
|
Batting: RHB Jose Lopez
|
0-0: Ball 1-0: Ball 2-0: Ball 3-0: Called Strike 3-1: Swinging Strike 3-2: Foul Ball, location: 2F 3-2: Strikes out swinging
|
Batting: RHB Jon Guzman
|
0-0: Ball 1-0: Ball 2-0: Foul Ball, location: 2F 2-1: Swinging Strike 2-2: Ball 3-2: Strikes out swinging
|
Batting: RHB Magnus Laursen
|
0-0: Called Strike 0-1: DOUBLE (Flyball, 7LD, EV 105.0 MPH)
|
Batting: RHB Rory Cardosi
|
0-0: Ball 1-0: SINGLE (Groundball, 6MD, EV 104.4 MPH) Magnus Laursen to third Runner from 3rd tries for Home, SAFE, throw by CF to home
|
Batting: RHB Julio Marquez
|
0-0: Ball 1-0: Foul Ball, location: 2F 1-1: Foul Ball, location: 2F 1-2: Foul Ball, location: 2F 1-2: Ball 2-2: Ball 3-2: SINGLE (Flyball, 9LS, EV 91.9 MPH) Rory Cardosi to second Rory Cardosi to third
|
Batting: RHB Estevan Alvarez
|
0-0: Swinging Strike 0-1: Fly out, F6 (Line Drive, 6, EV 61.2 MPH)
|
Top of the 1st over - 1 run, 3 hits, 0 errors, 2 left on base; Oklahoma State University 1 - University of Michigan 0 |
BOTTOM OF THE 1ST |
University of Michigan Wolverines batting - Pitching for Oklahoma State University Cowboys : LHP Jordan Cane
|
Pitching: LHP Jordan Cane
|
|
Batting: LHB Javier Cajina
|
0-0: Foul Ball, location: 2F 0-1: Swinging Strike 0-2: Ball 1-2: Fly out, F7 (Flyball, 7D, EV 97.5 MPH)
|
Batting: LHB Carlos Guajardo
|
0-0: Ground out 6-3 (Groundball, 6, EV 99.4 MPH)
|
Batting: LHB Dakota Kaempf
|
0-0: Called Strike 0-1: Ground out U3 (Groundball, 3L, EV 82.5 MPH)
|
Bottom of the 1st over - 0 runs, 0 hits, 0 errors, 0 left on base; Oklahoma State University 1 - University of Michigan 0 |
TOP OF THE 2ND |
Oklahoma State University Cowboys batting - Pitching for University of Michigan Wolverines : LHP Randy Monaco
|
Batting: LHB Dwayne Roche
|
0-0: Called Strike 0-1: Ball 1-1: Ball 2-1: Swinging Strike 2-2: Ball 3-2: Base on Balls
|
Batting: LHB Cory Rohr
|
0-0: Ball 1-0: Called Strike 1-1: Foul Ball, location: 2F 1-2: Strikes out swinging
|
Batting: RHB Frederik Koster
|
0-0: Swinging Strike 0-1: Called Strike 0-2: SINGLE (Groundball, 6S, EV 65.6 MPH) (infield hit) Dwayne Roche to second
|
Batting: RHB Jose Lopez
|
0-0: Ball 1-0: SINGLE (Groundball, 34D, EV 100.0 MPH) Dwayne Roche to third Frederik Koster to second
|
Batting: RHB Jon Guzman
|
0-0: Ball 1-0: Called Strike 1-1: Ball 2-1: Called Strike 2-2: Foul Ball, location: 2F 2-2: Foul Ball, location: 2F 2-2: Foul Ball, location: 2F 2-2: Foul Ball, location: 2F 2-2: Ball 3-2: Strikes out looking
|
Batting: RHB Magnus Laursen
|
0-0: Ball 1-0: Fly out, F8 (Line Drive, 8LM, EV 100.6 MPH)
|
Top of the 2nd over - 0 runs, 2 hits, 0 errors, 3 left on base; Oklahoma State University 1 - University of Michigan 0 |
BOTTOM OF THE 2ND |
University of Michigan Wolverines batting - Pitching for Oklahoma State University Cowboys : LHP Jordan Cane
|
Batting: SHB J.D. Newman
|
0-0: Called Strike 0-1: Ball 1-1: Ball 2-1: Foul Ball, location: 2F 2-2: Ball 3-2: Strikes out swinging
|
Batting: LHB Takao Ogura
|
0-0: Swinging Strike 0-1: Called Strike 0-2: Strikes out swinging
|
Batting: LHB Yoshihisa Kobayashi
|
0-0: Called Strike 0-1: SINGLE (Line Drive, 8LS, EV 103.8 MPH)
|
Batting: RHB Shiki Nomoto
|
0-0: Ball 1-0: Ball 2-0: Called Strike 2-1: Ball 3-1: Called Strike 3-2: Base on Balls Yoshihisa Kobayashi to second
|
Batting: SHB Raul Herrera
|
0-0: Ground out 4-3 (Groundball, 4, EV 81.2 MPH)
|
Bottom of the 2nd over - 0 runs, 1 hit, 0 errors, 2 left on base; Oklahoma State University 1 - University of Michigan 0 |
TOP OF THE 3RD |
Oklahoma State University Cowboys batting - Pitching for University of Michigan Wolverines : LHP Randy Monaco
|
Batting: RHB Rory Cardosi
|
0-0: Ball 1-0: Called Strike 1-1: Ball 2-1: Ball 3-1: Foul Ball, location: 2F 3-2: Base on Balls
|
Batting: RHB Julio Marquez
|
0-0: Swinging Strike 0-1: Ball 1-1: Foul Ball, location: 2F 1-2: Strikes out looking
|
Batting: RHB Estevan Alvarez
|
0-0: Called Strike 0-1: Ball 1-1: Ball 2-1: Ball 3-1: Called Strike 3-2: Foul Ball, location: 2F 3-2: 2-RUN HOME RUN (Flyball, 78XD, EV 111.2 MPH), Distance : 454 ft
|
Batting: LHB Dwayne Roche
|
0-0: Ball 1-0: Fly out, F7 (Flyball, 7, EV 83.8 MPH)
|
Batting: LHB Cory Rohr
|
0-0: Called Strike 0-1: Called Strike 0-2: Foul Ball, location: 2F 0-2: Strikes out swinging
|
Top of the 3rd over - 2 runs, 1 hit, 0 errors, 0 left on base; Oklahoma State University 3 - University of Michigan 0 |
BOTTOM OF THE 3RD |
University of Michigan Wolverines batting - Pitching for Oklahoma State University Cowboys : LHP Jordan Cane
|
Batting: RHB Alex Nagera
|
0-0: Ball 1-0: Called Strike 1-1: Ball 2-1: Fly out, F8 (Flyball, 78D, EV 101.9 MPH)
|
Batting: LHB Javier Cajina
|
0-0: Called Strike 0-1: Called Strike 0-2: Strikes out swinging
|
Batting: LHB Carlos Guajardo
|
0-0: Called Strike 0-1: Called Strike 0-2: Strikes out swinging
|
Bottom of the 3rd over - 0 runs, 0 hits, 0 errors, 0 left on base; Oklahoma State University 3 - University of Michigan 0 |
TOP OF THE 4TH |
Oklahoma State University Cowboys batting - Pitching for University of Michigan Wolverines : LHP Randy Monaco
|
Pitching: RHP Victor Ocampo
|
|
Batting: RHB Frederik Koster
|
0-0: Ball 1-0: Ball 2-0: Ball 3-0: Called Strike 3-1: Base on Balls
|
Batting: RHB Jose Lopez
|
0-0: Ball 1-0: Ball Frederik Koster steals 2nd base 2-0: Ground out U3 (Groundball, 34S, EV 71.9 MPH) Frederik Koster to third
|
Pinch Hitting: RHB Simon Gravitt
|
0-0: SINGLE (Groundball, 56S, EV 66.2 MPH) (infield hit) Frederik Koster scores
|
Batting: RHB Magnus Laursen
|
0-0: Ball 1-0: Ball 2-0: SINGLE (Groundball, 4MS, EV 69.4 MPH) (infield hit) Simon Gravitt to second
|
Pinch Hitting: RHB Bill Tremblett
|
0-0: Called Strike Simon Gravitt is caught stealing 3rd base 2-5 Magnus Laursen to second 0-1: Ball 1-1: Ball 2-1: Ball 3-1: Base on Balls
|
Batting: RHB Julio Marquez
|
0-0: Called Strike 0-1: Ball 1-1: Fly out, F9 (Flyball, 9, EV 82.5 MPH)
|
Top of the 4th over - 1 run, 2 hits, 0 errors, 2 left on base; Oklahoma State University 4 - University of Michigan 0 |
BOTTOM OF THE 4TH |
University of Michigan Wolverines batting - Pitching for Oklahoma State University Cowboys : LHP Jordan Cane
|
Now at 2B: Bill Tremblett
|
|
Now at SS: Frederik Koster
|
|
Now in CF: Simon Gravitt
|
|
Batting: LHB Dakota Kaempf
|
0-0: Ball 1-0: Called Strike 1-1: Ball 2-1: Ball 3-1: Base on Balls
|
Batting: SHB J.D. Newman
|
0-0: SINGLE (Flyball, 8LS, EV 84.4 MPH) Dakota Kaempf to second Runner from 2nd tries for 3rd, SAFE, no throw by CF
|
Batting: LHB Takao Ogura
|
0-0: Ground out 4-3 (Groundball, 34D, EV 103.1 MPH) Dakota Kaempf scores J.D. Newman to second
|
Batting: LHB Yoshihisa Kobayashi
|
0-0: Swinging Strike 0-1: Foul Ball, location: 2F 0-2: Ball 1-2: Ball 2-2: SINGLE (Line Drive, 9S, EV 91.9 MPH) J.D. Newman to third
|
Batting: RHB Shiki Nomoto
|
0-0: Called Strike 0-1: Ball 1-1: Fielders Choice at 2nd, 3-6 (Groundball, 3, EV 85.0 MPH) J.D. Newman scores
|
Batting: SHB Raul Herrera
|
0-0: Foul Ball, location: 2F 0-1: Swinging Strike 0-2: Fielders Choice at 2nd, U4 (Groundball, 4M, EV 101.2 MPH)
|
Bottom of the 4th over - 2 runs, 2 hits, 0 errors, 1 left on base; Oklahoma State University 4 - University of Michigan 2 |
TOP OF THE 5TH |
Oklahoma State University Cowboys batting - Pitching for University of Michigan Wolverines : RHP Victor Ocampo
|
Pitching: RHP Troy O'Connor
|
|
Now at C: Manuel Martinez
|
|
Now at 2B: Ben Follett
|
|
Now in LF: Shi-xian Da
|
|
Batting: RHB Estevan Alvarez
|
0-0: Called Strike 0-1: Swinging Strike 0-2: Ball 1-2: Foul Ball, location: 2F 1-2: Ball 2-2: SINGLE (Flyball, 89S, EV 96.9 MPH)
|
Pinch Hitting: LHB Kyle David
|
0-0: Foul Ball, location: 2F 0-1: Foul Ball, location: 2F 0-2: Ball 1-2: Strikes out swinging
|
Batting: LHB Cory Rohr
|
0-0: Called Strike 0-1: Foul Ball, location: 2F 0-2: Ball 1-2: Foul Ball, location: 2F 1-2: Strikes out swinging
|
Batting: RHB Frederik Koster
|
0-0: Ball 1-0: Foul Ball, location: 2F 1-1: SINGLE (Groundball, 6D, EV 93.8 MPH) Estevan Alvarez to second
|
Pinch Hitting: LHB Jeff Williams
|
0-0: Ball 1-0: Fielders Choice at 2nd, 6-4 (Groundball, 6, EV 87.5 MPH)
|
Top of the 5th over - 0 runs, 2 hits, 0 errors, 2 left on base; Oklahoma State University 4 - University of Michigan 2 |
BOTTOM OF THE 5TH |
University of Michigan Wolverines batting - Pitching for Oklahoma State University Cowboys : LHP Jordan Cane
|
Now at C: Tae-seon Kim
|
|
Now in LF: Jeff Williams
|
|
Now in RF: Kyle David
|
|
Batting: RHB Alex Nagera
|
0-0: Called Strike 0-1: Ground out 4-3 (Groundball, 4M, EV 91.9 MPH)
|
Batting: LHB Javier Cajina
|
0-0: Foul Ball, location: 2F 0-1: Ball 1-1: Fly out, F9 (Flyball, 89M, EV 95.0 MPH)
|
Batting: LHB Carlos Guajardo
|
0-0: Ball 1-0: Foul Ball, location: 2F 1-1: Called Strike 1-2: Ball 2-2: Ground out U3 (Groundball, 3S, EV 69.4 MPH)
|
Bottom of the 5th over - 0 runs, 0 hits, 0 errors, 0 left on base; Oklahoma State University 4 - University of Michigan 2 |
TOP OF THE 6TH |
Oklahoma State University Cowboys batting - Pitching for University of Michigan Wolverines : RHP Troy O'Connor
|
Pitching: RHP Pablo Mejia
|
|
Batting: RHB Simon Gravitt
|
0-0: Swinging Strike 0-1: Called Strike 0-2: Ball 1-2: Ball 2-2: Strikes out swinging
|
Batting: RHB Magnus Laursen
|
0-0: Swinging Strike 0-1: SOLO HOME RUN (Flyball, 9LD, EV 95.0 MPH), Distance : 339 ft
|
Batting: RHB Bill Tremblett
|
0-0: Ball 1-0: Ball 2-0: Ground out 5-3 (Groundball, 5, EV 79.4 MPH)
|
Batting: RHB Julio Marquez
|
0-0: Called Strike 0-1: Ball 1-1: Foul Ball, location: 2F 1-2: SOLO HOME RUN (Flyball, 7D, EV 105.6 MPH), Distance : 401 ft
|
Batting: RHB Tae-seon Kim
|
0-0: Called Strike 0-1: Ball 1-1: Called Strike 1-2: Ground out 5-3 (Groundball, 56, EV 78.1 MPH)
|
Top of the 6th over - 2 runs, 2 hits, 0 errors, 0 left on base; Oklahoma State University 6 - University of Michigan 2 |
BOTTOM OF THE 6TH |
University of Michigan Wolverines batting - Pitching for Oklahoma State University Cowboys : LHP Jordan Cane
|
Batting: RHB Ben Follett
|
0-0: Ball 1-0: Foul Ball, location: 2F 1-1: Ground out 4-3 (Groundball, 4, EV 106.9 MPH)
|
Batting: SHB J.D. Newman
|
0-0: Ball 1-0: Foul Ball, location: 2F 1-1: Fly out, F8 (Flyball, 8LD, EV 109.4 MPH)
|
Batting: SHB Fernando Fundora
|
0-0: Ball 1-0: Called Strike 1-1: Ball 2-1: Foul Ball, location: 2F 2-2: SINGLE (Groundball, 34, EV 100.6 MPH)
|
Pinch Hitting: RHB Michael Patterson
|
0-0: Called Strike 0-1: Ball 1-1: Ground out 5-3 (Groundball, 15, EV 92.5 MPH)
|
Bottom of the 6th over - 0 runs, 1 hit, 0 errors, 1 left on base; Oklahoma State University 6 - University of Michigan 2 |
TOP OF THE 7TH |
Oklahoma State University Cowboys batting - Pitching for University of Michigan Wolverines : RHP Pablo Mejia
|
Pitching: RHP Mike MacDougall
|
|
Now at SS: Michael Patterson
|
|
Batting: LHB Kyle David
|
0-0: Ball 1-0: SOLO HOME RUN (Flyball, 89XD, EV 108.1 MPH), Distance : 423 ft
|
Batting: LHB Steve Kimbler
|
0-0: Foul Ball, location: 2F 0-1: Ball 1-1: Ball 2-1: Foul Ball, location: 2F 2-2: Ball 3-2: Foul Ball, location: 2F 3-2: Foul Ball, location: 2F 3-2: Base on Balls
|
Batting: RHB Frederik Koster
|
0-0: Ball 1-0: Fly out, F8 (Flyball, 8LD, EV 95.0 MPH)
|
Batting: LHB Jeff Williams
|
0-0: Ball 1-0: Ball 2-0: Foul Ball, location: 2F 2-1: Ball 3-1: Called Strike 3-2: Foul Ball, location: 2F 3-2: Foul Ball, location: 2F 3-2: Base on Balls Steve Kimbler to second
|
Batting: RHB Simon Gravitt
|
0-0: Ball 1-0: Grounds into double play, 4-6-3 (Groundball, 4, EV 90.0 MPH)
|
Top of the 7th over - 1 run, 1 hit, 0 errors, 1 left on base; Oklahoma State University 7 - University of Michigan 2 |
BOTTOM OF THE 7TH |
University of Michigan Wolverines batting - Pitching for Oklahoma State University Cowboys : LHP Jordan Cane
|
Pitching: RHP David Parker
|
|
Batting: RHB Shi-xian Da
|
0-0: Foul Ball, location: 2F 0-1: Foul Ball, location: 2F 0-2: Ball 1-2: Ball 2-2: Strikes out swinging
|
Batting: SHB Manuel Martinez
|
0-0: Swinging Strike 0-1: Ball 1-1: Ball 2-1: Called Strike 2-2: Strikes out swinging
|
Pinch Hitting: RHB Jeremy Marin
|
0-0: Called Strike 0-1: Ball 1-1: Ball 2-1: Ground out 5-3 (Groundball, 5S, EV 90.0 MPH)
|
Bottom of the 7th over - 0 runs, 0 hits, 0 errors, 0 left on base; Oklahoma State University 7 - University of Michigan 2 |
TOP OF THE 8TH |
Oklahoma State University Cowboys batting - Pitching for University of Michigan Wolverines : RHP Mike MacDougall
|
Pitching: RHP Jose Palacio
|
|
Now at 3B: Jeremy Marin
|
|
Batting: RHB Magnus Laursen
|
0-0: Ball 1-0: Called Strike 1-1: Ball 2-1: Fly out, F6 (Line Drive, 6, EV 69.4 MPH)
|
Batting: RHB Bill Tremblett
|
0-0: Called Strike 0-1: Swinging Strike 0-2: Ball 1-2: Ball 2-2: Strikes out swinging
|
Batting: RHB Julio Marquez
|
0-0: Foul Ball, location: 2F 0-1: Ball 1-1: Swinging Strike 1-2: Foul Ball, location: 2F 1-2: Ball 2-2: Strikes out swinging
|
Top of the 8th over - 0 runs, 0 hits, 0 errors, 0 left on base; Oklahoma State University 7 - University of Michigan 2 |
BOTTOM OF THE 8TH |
University of Michigan Wolverines batting - Pitching for Oklahoma State University Cowboys : RHP David Parker
|
Pitching: LHP Zach Richards
|
|
Batting: LHB Javier Cajina
|
0-0: Ground out U3 (Groundball, 3S, EV 64.4 MPH)
|
Batting: LHB Carlos Guajardo
|
0-0: Fly out, F7 (Flyball, 78M, EV 90.6 MPH)
|
Batting: RHB Ben Follett
|
0-0: Ball 1-0: Swinging Strike 1-1: Ball 2-1: Ball 3-1: Called Strike 3-2: Foul Ball, location: 2F 3-2: Foul Ball, location: 2F 3-2: Strikes out swinging
|
Bottom of the 8th over - 0 runs, 0 hits, 0 errors, 0 left on base; Oklahoma State University 7 - University of Michigan 2 |
TOP OF THE 9TH |
Oklahoma State University Cowboys batting - Pitching for University of Michigan Wolverines : RHP Jose Palacio
|
Pitching: RHP Carlos Perez
|
|
Batting: RHB Tae-seon Kim
|
0-0: SINGLE (Line Drive, 9S, EV 91.2 MPH)
|
Batting: LHB Kyle David
|
0-0: Called Strike 0-1: Foul Ball, location: 2F 0-2: Ball 1-2: Ball 2-2: Strikes out swinging
|
Batting: LHB Steve Kimbler
|
0-0: Ball 1-0: Swinging Strike 1-1: Foul Ball, location: 2F 1-2: Ball 2-2: Strikes out swinging
|
Batting: RHB Frederik Koster
|
0-0: Swinging Strike 0-1: Foul Ball, location: 2F 0-2: Foul Ball, location: 2F 0-2: Strikes out looking
|
Top of the 9th over - 0 runs, 1 hit, 0 errors, 1 left on base; Oklahoma State University 7 - University of Michigan 2 |
BOTTOM OF THE 9TH |
University of Michigan Wolverines batting - Pitching for Oklahoma State University Cowboys : LHP Zach Richards
|
Pitching: LHP Jared Hauck
|
|
Batting: SHB J.D. Newman
|
0-0: Ball 1-0: Foul Ball, location: 2F 1-1: Foul Ball, location: 2F 1-2: Strikes out looking
|
Batting: SHB Fernando Fundora
|
0-0: Ball 1-0: Ball 2-0: Ground out 5-3 (Groundball, 56S, EV 88.1 MPH)
|
Batting: RHB Michael Patterson
|
0-0: Foul Ball, location: 2F 0-1: Foul Ball, location: 2F 0-2: Foul Ball, location: 2F 0-2: Ground out 5-3 (Groundball, 56S, EV 88.1 MPH)
|
Bottom of the 9th over - 0 runs, 0 hits, 0 errors, 0 left on base; Oklahoma State University 7 - University of Michigan 2 |
|